 Dungeon Crawl Stone Soup version 0.23.0-3-gf3c87f2 (webtiles) character file.

Game seed: 11159666896935706040

17476 xccam the Protected (level 12, -19/94 HPs)
             Began as a Formicid Gladiator on Feb 20, 2019.
             Was a High Priest of Cheibriados.
             Demolished by Rupert
             ... wielding a +0 battleaxe of chopping
              (22 damage)
             ... on level 12 of the Dungeon.
             The game lasted 00:43:13 (8893 turns).

xccam the Protected (Formicid Gladiator)            Turns: 8893, Time: 00:43:14

Health: -19/94     AC: 26    Str: 36 (38) XL:     12   Next: 83%
Magic:  0/17       EV: 11    Int: 20 (22) God:    Cheibriados [*****.]
Gold:   517        SH:  0    Dex: 24 (26) Spells: 11/11 levels left

rFire    . . .     SeeInvis +   b - +11 hunting sling "Ogawiw" {velocity, SInv Stlth+}
rCold    . . .     Gourm    .   (no shield)
rNeg     . . .     Faith    .   g - +1 crystal plate armour
rPois    +         Spirit   +   (helmet unavailable)
rElec    .         Reflect  .   i - +0 cloak
rCorr    .         Harm     .   E - +0 pair of gloves
MR       +....                  (no boots)
Stlth    ..........             j - amulet of guardian spirit
HPRegen  0.25/turn              p - ring of poison resistance
MPRegen  0.15/turn              c - ring of stealth

@: very slow
A: permanent stasis, dig shafts and tunnels, four strong arms, antennae 3
a: Dig, Shaft Self, Bend Time, Temporal Distortion, Slouch, Step From Time,
Renounce Religion


You were on level 12 of the Dungeon.
You worshipped Cheibriados.
Cheibriados was extremely pleased with you.
You were hungry.

You visited 2 branches of the dungeon, and saw 13 of its levels.
You also visited: Ossuary.

You collected 657 gold pieces.
You spent 140 gold pieces at shops.

Inventory:

Hand Weapons
 a - a +0 war axe
 b - the +11 hunting sling "Ogawiw" (weapon) {velocity, SInv Stlth+}
   (You found it on level 4 of the Dungeon)

   Any stone fired from it inflicts extra damage.
   It lets you see invisible.
   It makes you more stealthy.
Missiles
 u - 184 stones (quivered)
Armour
 g - a +1 crystal plate armour (worn)
 i - a +0 cloak (worn)
 E - a +0 pair of gloves (worn)
Jewellery
 c - a ring of stealth (right hand)
 j - an amulet of guardian spirit (around neck)
 p - a ring of poison resistance (left hand)
Wands
 x - a wand of iceblast (13)
Scrolls
 e - 9 scrolls of remove curse
 f - 2 scrolls of immolation
 l - 3 scrolls of enchant armour
 m - a scroll of noise {unknown}
 n - 2 scrolls of amnesia
 r - 4 scrolls of fear
 t - 2 scrolls of holy word {unknown}
 v - a scroll of random uselessness {unknown}
 y - a scroll of magic mapping
 C - 3 scrolls of enchant weapon {unknown}
 G - 2 scrolls of identify
Potions
 k - a potion of invisibility
 o - 4 potions of might
 q - a potion of flight
 s - a potion of brilliance
 z - a potion of degeneration
 B - a potion of magic {unknown}
 D - a potion of cancellation
Comestibles
 d - 17 rations


   Skills:
 + Level 8.8 Fighting
 + Level 9.8 Axes
 - Level 8.4(8.5) Slings
 - Level 2.0(5.2) Throwing
 + Level 12.7 Armour
 + Level 4.8 Dodging
 + Level 7.5 Invocations


You had 11 spell levels left.
You didn't know any spells.
Your spell library contained the following spells:

 Spells                   Type           Power        Failure   Level  Hunger
 Sandblast                Erth           #.....       93%         1    ##.....
 Passwall                 Tmut/Erth      #.......     98%         2    ###....
 Ignite Poison            Fire/Tmut/Pois #.......     100%        3    ####...
 Stone Arrow              Conj/Erth      #.....       100%        3    ####...
 Petrify                  Tmut/Erth      #.......     100%        4    #####..
 Fireball                 Conj/Fire      #.........   100%        5    ######.
 Lee's Rapid Deconstruct  Erth           #.........   100%        5    ######.
 Bolt of Fire             Conj/Fire      #.........   100%        6    #######
 Ring of Flames           Chrm/Fire      #.........   100%        7    #######
 Ignition                 Fire           #.........   100%        8    #######


Dungeon Overview and Level Annotations

Branches:
Dungeon (12/15)            Temple (1/1) D:7            Lair (0/6) D:10
    Orc: D:9-12

Altars:
Ashenzari
Cheibriados
Dithmenos
Elyvilon
Fedhas
Gozag
Hepliaklqana
Kikubaaqudgha
Makhleb
Nemelex Xobeh
Okawaru
Qazlal
Ru
Sif Muna
Trog
Uskayaw
Vehumet
Wu Jian
Xom
Yredelemnul
Zin
The Shining One
Beogh

Shops:
D:4 (   D:6 }   D:8 }   D:9 (

Annotations:
D:12 Rupert


Innate Abilities, Weirdness & Mutations

You cannot be hasted, slowed, berserked, paralysed or teleported.
You can dig through walls and to a lower floor.
Your four strong arms can wield two-handed weapons with a shield.
You have a pair of large antennae on your head. (SInv)


Message History

Rupert hits you with a +0 battleaxe of chopping!
* * * LOW HITPOINT WARNING * * *
x2 You feel better.
Rupert barely misses you. x2
You feel better. Rupert misses you.
You feel very mighty all of a sudden.
Rupert hits you with a +0 battleaxe of chopping!!
* * * LOW HITPOINT WARNING * * *
x2 It was a potion of cancellation.
Your magical effects are unravelling.
You feel magically purged.
Your magical contamination has completely faded away.
You flicker back into view.
You feel a little less mighty now.
You feel a little less clever now. Rupert misses you.
Are you sure you want to shaft yourself? [Y]es or [N]o only, please.
Are you sure you want to shaft yourself?
You are feeling hungry.
Rupert hits you with a +0 battleaxe of chopping!!
You die...

####..#. .###.
......#. .#..
####... .>.# #...
.># { #... .(#
#... #(# #.## #@#
##########.# #@#
#.......##.# #.#
#.# #.##.#
##.####.#####.##.#
#..........##.##.#
#..#.##.##.##.##.#
#....##.##.......#
#.#####.......####
#.#####.#######
#.......#


You could see Rupert (berserk).

Vanquished Creatures
  A hydra (D:8)
  A centaur warrior (D:10)
  2 two-headed ogres
  4 lindwurms (D:11)
  An orc knight (D:10)
  A cyclops (D:11)
  A gargoyle (D:11)
  An ice statue (D:9)
  4 ice devils (D:9)
  2 trolls (D:9)
  A hornet (D:9)
  6 hippogriffs
  A shadow (D:11)
  A wyvern (D:8)
  A spriggan (D:10)
  12 yaks
  2 hungry ghosts
  An acid dragon (D:11)
  11 orc warriors
  An ice beast (D:11)
  5 sky beasts
  A hornet zombie (D:7)
  2 black bears
  A necrophage (D:9)
  2 phantoms
  4 ogres
  6 centaurs
  4 big kobolds
  4 bullfrogs
  A water moccasin zombie (D:11)
  A scorpion (D:10)
  8 killer bees
  A howler monkey (D:6)
  A crimson imp (D:6)
  6 bullfrog zombies
  A quasit (D:10)
  5 hounds
  3 jellies
  2 centaur skeletons
  3 bullfrog skeletons
  3 centaur zombies
  10 orc priests
  Crazy Yiuf (D:3)
  13 orc wizards
  5 iguanas
  7 worker ants
  A killer bee zombie (Ossuary)
  4 hound zombies
  A hound skeleton (D:6)
  14 mummies (Ossuary)
  A worker ant zombie (Ossuary)
  8 adders
  3 gnolls
  2 shadow imps
  8 ufetubi (D:9)
  An ooze (D:1)
  A worm zombie (D:7)
  4 adder skeletons
  3 adder zombies
  3 worms
  2 dart slugs
  7 leopard geckos
  48 orcs
  2 ball pythons
  4 giant cockroaches
  2 goblins
  A hobgoblin (D:1)
  11 jackals
  5 quokkas
  7 bats
  4 frilled lizards
  A jackal skeleton (D:6)
  27 kobolds
  2 leopard gecko zombies (Ossuary)
  8 rats
340 creatures vanquished.

Vanquished Creatures (others)
  2 withered plants (Ossuary)
2 creatures vanquished.

Grand Total: 342 creatures vanquished

Notes
Turn   | Place    | Note
-------+----------+-------------------------------------------
     0 | D:1      | xccam the Formicid Gladiator began the quest for the Orb.
     0 | D:1      | Reached XP level 1. HP: 16/16 MP: 1/1
   308 | D:1      | Reached XP level 2. HP: 20/22 MP: 2/2
   516 | D:1      | Reached XP level 3. HP: 22/27 MP: 3/3
   775 | D:1      | Found a sparkling altar of Nemelex Xobeh.
   981 | D:2      | Reached skill level 1 in Armour
   994 | D:2      | Reached XP level 4. HP: 8/33 MP: 4/4
  1522 | D:3      | Reached skill level 2 in Armour
  1551 | D:3      | Found a sacrificial altar of Ru.
  1567 | D:3      | Reached XP level 5. HP: 32/38 MP: 5/5
  1570 | D:3      | Became a worshipper of Ru the Awakened
  1735 | D:3      | Reached skill level 5 in Axes
  1741 | D:3      | Found a glowing golden altar of the Shining One.
  1950 | D:3      | Found a runed translucent door.
  1951 | D:3      | Noticed Crazy Yiuf
  1957 | D:3      | Killed Crazy Yiuf
  1957 | D:3      | Reached skill level 3 in Armour
  2166 | D:4      | Found Utit's Antique Weapon Shop.
  2247 | D:4      | Reached XP level 6. HP: 44/44 MP: 6/6
  2394 | D:4      | Got a slimy hunting sling
  2395 | D:4      | Identified the +11 hunting sling "Ogawiw" {velocity, SInv
                  | Stlth+} (You found it on level 4 of the Dungeon)
  2772 | D:5      | Entered Level 5 of the Dungeon
  2823 | D:5      | Reached skill level 1 in Slings
  2858 | D:5      | Reached skill level 4 in Armour
  3103 | D:5      | Reached XP level 7. HP: 50/50 MP: 7/7
  3303 | D:6      | Reached skill level 5 in Armour
  3567 | D:5      | Reached skill level 6 in Armour
  3567 | D:5      | Reached XP level 8. HP: 48/56 MP: 8/8
  3749 | D:6      | Found Tycycik's Gadget Emporium.
  3757 | D:6      | Bought a wand of iceblast (10) for 140 gold pieces
  4060 | D:7      | Reached skill level 7 in Armour
  4114 | D:7      | Found a sand-covered staircase.
  4123 | Ossuary  | Entered an ossuary
  4209 | Ossuary  | Reached XP level 9. HP: 54/65 MP: 9/9
  4376 | Ossuary  | Reached skill level 8 in Armour
  4482 | D:7      | Reached skill level 5 in Slings
  4497 | D:7      | Found a staircase to the Ecumenical Temple.
  4505 | Temple   | Entered the Ecumenical Temple
  4620 | Temple   | Fell from the grace of Ru
  4620 | Temple   | Became a worshipper of Cheibriados the Contemplative
  4727 | D:7      | Found a shattered altar of Ashenzari.
  4820 | D:7      | Noticed a hippogriff
  4830 | D:7      | Killed a hippogriff
  4880 | D:7      | Found a deep blue altar of Sif Muna.
  4980 | D:7      | Reached skill level 5 in Fighting
  5262 | D:8      | Reached skill level 9 in Armour
  5387 | D:8      | Found a sparkling altar of Nemelex Xobeh.
  5414 | D:8      | Reached * piety under Cheibriados
  5414 | D:8      | Reached XP level 10. HP: 74/74 MP: 10/10
  5491 | D:8      | Reached skill level 1 in Invocations
  5492 | D:8      | Noticed a four-headed hydra
  5518 | D:8      | Killed a four-headed hydra
  5518 | D:8      | Reached skill level 10 in Armour
  5525 | D:8      | Found Edebbikhuinn's Gadget Shop.
  5809 | D:9      | Found Ritiah's Antique Weapon Boutique.
  5813 | D:9      | Reached ** piety under Cheibriados
  5983 | D:9      | Noticed an ice devil
  5986 | D:9      | Noticed an ice devil
  5988 | D:9      | Noticed an ice devil
  5999 | D:9      | Killed an ice devil
  6000 | D:9      | Noticed an ice devil
  6029 | D:9      | Killed an ice devil
  6032 | D:9      | Killed an ice devil
  6032 | D:9      | Reached XP level 11. HP: 83/83 MP: 13/13
  6055 | D:9      | Reached skill level 11 in Armour
  6544 | D:10     | Entered Level 10 of the Dungeon
  6544 | D:10     | Found a staircase to the Lair.
  6602 | D:10     | Reached *** piety under Cheibriados
  6646 | D:10     | Noticed a centaur warrior
  6665 | D:10     | Killed a centaur warrior
  6665 | D:10     | Reached skill level 5 in Invocations
  7232 | D:10     | Noticed a two-headed ogre
  7245 | D:10     | Killed a two-headed ogre
  7251 | D:10     | Reached **** piety under Cheibriados
  7404 | D:10     | Noticed an orc knight
  7425 | D:10     | Killed an orc knight
  7549 | D:10     | Reached skill level 12 in Armour
  7722 | D:10     | Reached XP level 12. HP: 92/92 MP: 16/16
  8061 | D:11     | Reached ***** piety under Cheibriados
  8126 | D:11     | Noticed a two-headed ogre
  8131 | D:11     | Killed a two-headed ogre
  8333 | D:11     | Got a bloodstained arbalest
  8336 | D:11     | Identified the +8 arbalest "Qeimais" {venom, Str+5} (You
                  | found it on level 11 of the Dungeon)
  8646 | D:11     | Found a roughly hewn altar of Beogh.
  8868 | D:12     | Noticed Rupert
  8891 | D:12     | HP: 3/94 [Rupert/+0 battleaxe of chopping (6)]
  8893 | D:12     | Demolished by Rupert

Skill      XL: |  1  2  3  4  5  6  7  8  9 10 11 12 |
---------------+-------------------------------------+-----
Axes           | 4 5 6 7 8 9 |  9.8
Armour         | 1 2 3 4 6 7 9 10 12 | 12.7
Slings         | 1 3 4 5 7 8 |  8.4
Fighting       | 3 5 6 7 8 |  8.8
Invocations    | 3 5 7 |  7.5
Dodging        | 3 4 |  4.8
Throwing       | |  2.0

Action                   |  1- 3 |  4- 6 |  7- 9 | 10-12 || total
-------------------------+-------+-------+-------+-------++-------
Melee: War axe           |    93 |   165 |   345 |    93 ||   696
 Fire: Hunting sling     |       |    20 |    58 |   490 ||   568
 Abil: Dig               |     1 |     2 |     4 |     1 ||     8
       Shaft Self        |       |       |       |     1 ||     1
Evoke: Wand              |       |       |     2 |     1 ||     3
  Use: Scroll            |       |     8 |     8 |     2 ||    18
       Potion            |       |     2 |     1 |    16 ||    19
 Stab: Invisible         |       |       |       |     1 ||     1
  Eat: Chunk             |       |     7 |     7 |     7 ||    21
       Ration            |       |       |     5 |       ||     5
Armor: Leather armour    |    12 |       |       |       ||    12
       Crystal plate arm |    58 |   182 |   377 |   204 ||   821
       Skin              |       |       |    33 |       ||    33
Dodge: Dodged            |    27 |    28 |    90 |   123 ||   268
